[Event "ICC tourney 2824 (30 10)"]
[Site "Internet Chess Club"]
[Date "2022.02.12"]
[Round "4"]
[White "JIANG, ANDREW:K05-16091063"]
[Black "IVANOV, ALEXANDER:marble"]
[Result "1/2-1/2"]
[ICCResult "Game drawn by repetition"]
[WhiteElo "1944"]
[BlackElo "2395"]
[Opening "Robatsch (modern) defense"]
[ECO "B06"]
[NIC "KF.05"]
[Time "18:00:17"]
[PlyCount "97"]
[TimeControl "1800+10"]

1. e4 g6 2. d4 Bg7 3. Nf3 d6 4. Nbd2 Nd7 5. c3 e5 6. g3 Ngf6 7. Bg2 O-O 8.
O-O b6 9. Re1 Bb7 10. Qc2 Re8 11. h3 Re7 12. dxe5 dxe5 13. b3 Nc5 14. Ba3
Nfd7 15. Nc4 a5 16. Rad1 Qe8 17. h4 b5 18. Bxc5 Nxc5 19. Ncd2 Rd7 20. Bf1 c6
21. a4 Rc7 22. c4 b4 23. Bg2 Rd7 24. Bh3 Rd3 25. Bf1 Rc3 26. Qb2 Rd8 27. Rc1
Nd3 28. Bxd3 Rdxd3 29. Kg2 c5 30. Re2 f5 31. Rxc3 bxc3 32. Qc2 Rxd2 33. Nxd2
cxd2 34. Qxd2 Bxe4+ 35. f3 Bb7 36. Qxa5 e4 37. fxe4 Bxe4+ 38. Kh2 Qc6 39.
Qd8+ Kf7 40. a5 Be5 41. a6 Qxa6 42. Qd7+ Kf6 43. Qd8+ Kf7 44. Qd7+ Kf6 45.
Qd8+ Kf7 46. Qd7+ Kf6 47. Qd8+ Kf7 48. Qd7+ Kf6 49. Qd8+
{Game drawn by repetition}
1/2-1/2

[Event "ICC tourney 2824 (30 10)"]
[Site "Internet Chess Club"]
[Date "2022.02.12"]
[Round "4"]
[White "TANG, AUSTIN:Mrpeetapizza"]
[Black "Gao, Marvin:kaiclc"]
[Result "0-1"]
[ICCResult "White checkmated"]
[WhiteElo "1867"]
[BlackElo "2038"]
[Opening "Sicilian: accelerated fianchetto, Gurgenidze variation"]
[ECO "B36"]
[NIC "SI.33"]
[Time "18:00:16"]
[PlyCount "124"]
[TimeControl "1800+10"]

1. e4 c5 2. Nf3 Nc6 3. d4 cxd4 4. Nxd4 g6 5. c4 Nf6 6. Nc3 Nxd4 7. Qxd4 d6
8. Be2 Bg7 9. O-O O-O 10. Qd3 a5 11. Be3 a4 12. Rac1 Ng4 13. Bd4 e5 14. Be3
Nxe3 15. Qxe3 Be6 16. Rfd1 Qh4 17. Qg3 Qe7 18. Nb5 Rfd8 19. Rc2 Rac8 20. b3
axb3 21. axb3 d5 22. exd5 Bxd5 23. Na7 Ra8 24. Rxd5 Rxa7 25. Rcd2 Rxd5 26.
cxd5 Ra1+ 27. Bf1 Qb4 28. Qd3 e4 29. Qc2 Be5 30. Rd1 Ra3 31. Qc8+ Kg7 32.
Bc4 e3 33. fxe3 Qc3 34. d6 Qxe3+ 35. Kh1 Qf4 36. Qh3 Ra1 37. Rxa1 Bxa1 38.
Qd3 Be5 39. g3 Qc1+ 40. Kg2 Qb2+ 41. Kf3 Qxh2 42. d7 Qxg3+ 43. Ke4 Qxd3+ 44.
Bxd3 Bc7 45. Kd4 Kf6 46. Bc4 Ke7 47. Bd5 f5 48. Bg8 h5 49. Bd5 b6 50. Ke3 h4
51. Kf3 Kxd7 52. Bf7 g5 53. Bg6 g4+ 54. Kg2 Ke6 55. Bh7 h3+ 56. Kf1 g3 57.
Kg1 b5 58. b4 Bb6+ 59. Kh1 g2+ 60. Kh2 g1=Q+ 61. Kxh3 Bc7 62. Kh4 Qg4#
{White checkmated}
0-1

[Event "ICC tourney 2824 (30 10)"]
[Site "Internet Chess Club"]
[Date "2022.02.12"]
[Round "4"]
[White "Nguyen, Hoa Duc:leoman"]
[Black "ALEKSANDROV, ALEKSEJ:Aleksandrov73"]
[Result "1/2-1/2"]
[ICCResult "Game drawn by mutual agreement"]
[WhiteElo "2506"]
[BlackElo "2551"]
[Opening "Scotch: Schmidt variation"]
[ECO "C45"]
[NIC "SO.04"]
[Time "18:00:34"]
[PlyCount "84"]
[TimeControl "1800+10"]

1. e4 e5 2. Nf3 Nc6 3. d4 exd4 4. Nxd4 Nf6 5. Nxc6 bxc6 6. Qe2 a5 7. c4 Bb4+
8. Bd2 O-O 9. a3 Bxd2+ 10. Nxd2 Re8 11. O-O-O Qe7 12. Re1 Qe5 13. Qe3 Rb8
14. Qc3 Qxc3+ 15. bxc3 d6 16. Bd3 Nd7 17. Bc2 Nc5 18. f4 f6 19. Re3 Bd7 20.
Rhe1 Re7 21. e5 Rbe8 22. Nf3 g5 23. fxg5 fxe5 24. h4 Rf8 25. Nxe5 dxe5 26.
Rxe5 Re6 27. Rxe6 Nxe6 28. Re5 Rf1+ 29. Kb2 c5 30. Bf5 Nf4 31. Bxh7+ Kxh7
32. Re7+ Kg6 33. Rxd7 Nxg2 34. Rxc7 Nxh4 35. Rc6+ Kxg5 36. Rxc5+ Rf5 37.
Rxf5+ Kxf5 38. Kb3 Nf3 39. Ka4 Ne5 40. Kxa5 Nxc4+ 41. Kb4 Ne5 42. a4 Ke6
{Game drawn by mutual agreement}
1/2-1/2

[Event "ICC tourney 2824 (30 10)"]
[Site "Internet Chess Club"]
[Date "2022.02.12"]
[Round "4"]
[White "SHEEHAN, ETHAN THOMAS:Chessking2008"]
[Black "Liang, Jason:Jupiter435"]
[Result "0-1"]
[ICCResult "White resigns"]
[WhiteElo "2219"]
[BlackElo "2350"]
[Opening "QGD: Janowski variation"]
[ECO "D31"]
[NIC "QP.08"]
[Time "18:00:37"]
[PlyCount "82"]
[TimeControl "1800+10"]

1. d4 d5 2. c4 e6 3. Nc3 a6 4. cxd5 exd5 5. Bf4 Nf6 6. e3 c5 7. dxc5 Bxc5 8.
Nf3 Nc6 9. Be2 O-O 10. O-O d4 11. exd4 Nxd4 12. Nxd4 Bxd4 13. Bf3 Qb6 14.
Qb3 Qxb3 15. axb3 Be6 16. Bxb7 Ra7 17. Bxa6 Bxc3 18. bxc3 Rfa8 19. Rfd1 h6
20. Rd6 Ne4 21. Rc6 Bd5 22. Rb6 Nc5 23. Rb5 Rxa6 24. Rxa6 Rxa6 25. h3 Nd3
26. Bxh6 Bxg2 27. Bxg7 Rg6 28. Bh6 Ne1 29. Bg5 f6 30. f4 fxg5 31. Kf2 gxf4
32. Kxe1 f3 33. h4 Re6+ 34. Kf2 Re2+ 35. Kg3 Bh1 36. Rf5 Kg7 37. b4 Rc2 38.
Rc5 Kf6 39. Rc4 Ke5 40. h5 f2 41. Rc5+ Ke6 {White resigns} 0-1

[Event "ICC tourney 2824 (30 10)"]
[Site "Internet Chess Club"]
[Date "2022.02.12"]
[Round "4"]
[White "FILIPOVICH, DAVID MICHAEL:dmfcan"]
[Black "Gaw, Chloe:HarleyQueen8"]
[Result "0-1"]
[ICCResult "White resigns"]
[WhiteElo "2050"]
[BlackElo "1766"]
[Opening "Réti: King's Indian attack"]
[ECO "A08"]
[NIC "QP.10"]
[Time "18:00:19"]
[PlyCount "88"]
[TimeControl "1800+10"]

1. Nf3 c5 2. g3 d5 3. Bg2 Nc6 4. d4 cxd4 5. Nxd4 e5 6. Nxc6 bxc6 7. c4 Nf6
8. Nc3 Be6 9. O-O Bc5 10. Bg5 e4 11. Qa4 Qd7 12. Bxf6 gxf6 13. cxd5 cxd5 14.
Qxd7+ Kxd7 15. Rfd1 Kc6 16. Rac1 Rac8 17. b4 Bxb4 18. Nxd5+ Kb5 19. Rb1 Bxd5
20. Rxd5+ Ka4 21. Bxe4 Rc7 22. Bd3 a5 23. Rb3 Rb8 24. Bf5 Rbb7 25. Rbd3 Rc3
26. Bxh7 Ka3 27. Rxc3+ Bxc3 28. Rd3 Rc7 29. Bg8 Kxa2 30. Bxf7+ Rxf7 31. Rxc3
a4 32. Rc6 a3 33. Rb6 Rc7 34. h4 Rc3 35. Rxf6 Kb2 36. Ra6 a2 37. Rxa2+ Kxa2
38. h5 Kb3 39. g4 Kc4 40. h6 Kd5 41. f4 Rg3+ 42. Kf2 Rxg4 43. Kf3 Rh4 44.
e4+ Ke6 {White resigns} 0-1

[Event "ICC tourney 2824 (30 10)"]
[Site "Internet Chess Club"]
[Date "2022.02.12"]
[Round "4"]
[White "LIU, ERIC CHANG:el008"]
[Black "XIE, BRYAN:largecrab"]
[Result "0-1"]
[ICCResult "White resigns"]
[WhiteElo "1954"]
[BlackElo "2102"]
[Opening "Sicilian: Taimanov variation"]
[ECO "B49"]
[NIC "SI.40"]
[Time "18:00:48"]
[PlyCount "112"]
[TimeControl "1800+10"]

1. e4 c5 2. Nf3 e6 3. d4 cxd4 4. Nxd4 Nc6 5. Nc3 Qc7 6. Be2 a6 7. Be3 Nf6 8.
O-O Be7 9. f4 d6 10. Kh1 O-O 11. Qe1 Nxd4 12. Bxd4 b5 13. a3 Bb7 14. Qg3 Bc6
15. Rae1 Rad8 16. Bd3 Nh5 17. Qg4 Nf6 18. Qg3 Nh5 19. Qg4 Nf6 20. Qg3 Nh5
21. Qh3 g6 22. f5 e5 23. fxg6 fxg6 24. Qe6+ Kg7 25. Be3 Nf6 26. Nd5 Bxd5 27.
exd5 Rde8 28. Qh3 Kg8 29. b3 Qc8 30. Qxc8 Rxc8 31. c4 Rb8 32. Rc1 bxc4 33.
Bxc4 a5 34. Bd2 Bd8 35. b4 Bb6 36. bxa5 Bc5 37. Bh6 Rf7 38. Rb1 Rc8 39. g3
Bxa3 40. a6 Bc5 41. Rb7 Bd4 42. Rxf7 Kxf7 43. Bg5 e4 44. Bb5 Kg7 45. Bxf6+
Bxf6 46. Rxf6 Kxf6 47. Bc6 Rc7 48. Bb7 Rc1+ 49. Kg2 Ra1 50. Kf2 Ke5 51. Ke3
Ra3+ 52. Ke2 Kd4 53. h4 Ra2+ 54. Kd1 e3 55. g4 e2+ 56. Ke1 Ke3 {White
resigns} 0-1

[Event "ICC tourney 2824 (30 10)"]
[Site "Internet Chess Club"]
[Date "2022.02.12"]
[Round "4"]
[White "Vilotijevic, Lazar:BalkanDad"]
[Black "Turcotte, Jonathan:JonnyTurgi"]
[Result "1-0"]
[ICCResult "Black resigns"]
[WhiteElo "2004"]
[BlackElo "2000"]
[Opening "Caro-Kann: classical, 6.h4"]
[ECO "B18"]
[NIC "CK.12"]
[Time "18:00:18"]
[PlyCount "93"]
[TimeControl "1800+10"]

1. e4 c6 2. d4 d5 3. Nd2 dxe4 4. Nxe4 Bf5 5. Ng3 Bg6 6. h4 h6 7. h5 Bh7 8.
Nf3 Nd7 9. Bd3 Bxd3 10. Qxd3 e6 11. Bd2 Ngf6 12. O-O-O Be7 13. Kb1 O-O 14.
Ne4 Nxe4 15. Qxe4 Nf6 16. Qe2 Qd5 17. Ne5 Qe4 18. Rhe1 Qxe2 19. Rxe2 Rfd8
20. c3 c5 21. dxc5 Bxc5 22. Rh1 Bd6 23. Nd3 Be7 24. Kc2 Rac8 25. f3 b5 26.
b3 Nd5 27. Re4 Bf6 28. c4 bxc4 29. bxc4 Nb6 30. c5 Be7 31. Be3 Nd5 32. Bf2
Nf6 33. Ra4 Rd7 34. g4 Nd5 35. Rb1 Rcd8 36. Rb3 Nf6 37. Bg3 Rc8 38. Rb5 Nd5
39. Bf2 Rdc7 40. Rba5 Nb6 41. Re4 Nd7 42. Rc4 Kf8 43. Bg3 Rc6 44. Rxa7 Nxc5
45. Ne5 R6c7 46. Rxc7 Rxc7 47. Ng6+ {Black resigns} 1-0

[Event "ICC tourney 2824 (30 10)"]
[Site "Internet Chess Club"]
[Date "2022.02.12"]
[Round "4"]
[White "SHAWKAT, SAIF:saif-shawkat"]
[Black "TANG, ZOEY:WonderZ"]
[Result "0-1"]
[ICCResult "White resigns"]
[WhiteElo "2002"]
[BlackElo "2085"]
[Opening "Sicilian: Richter-Rauzer, Larsen variation"]
[ECO "B60"]
[NIC "SI.27"]
[Time "18:00:11"]
[PlyCount "144"]
[TimeControl "1800+10"]

1. e4 c5 2. Nf3 d6 3. d4 cxd4 4. Nxd4 Nf6 5. Nc3 Nc6 6. Bg5 Bd7 7. Nxc6 Bxc6
8. Qd3 h6 9. Bh4 g5 10. Bg3 Bg7 11. O-O-O Qa5 12. Kb1 Rc8 13. f3 b5 14. Nd5
Nxd5 15. exd5 Bd7 16. h4 g4 17. Bf2 Rc4 18. Be1 Qb6 19. Qb3 Rc8 20. fxg4 O-O
21. Qf3 Qc5 22. Bd3 e6 23. Qe4 f5 24. gxf5 exf5 25. Qb4 Qxd5 26. Bg3 Rf6 27.
Qb3 Qxb3 28. axb3 d5 29. Be5 Rg6 30. Bxg7 Kxg7 31. Bf1 Be6 32. Rh3 f4 33.
Rc3 Rxc3 34. bxc3 a6 35. Rd2 Rg4 36. h5 Kf6 37. Rf2 Kg5 38. Be2 Rh4 39. Bf3
Rh1+ 40. Kb2 Re1 41. Rd2 Re5 42. Rd4 Bf7 43. g3 fxg3 44. Rg4+ Kf6 45. Rxg3
Bxh5 46. Bg2 Bg6 47. Rf3+ Bf5 48. Rf2 h5 49. Kc1 h4 50. Kd2 Kg5 51. Bf3 Be4
52. Be2 Rf5 53. Rxf5+ Kxf5 54. Ke3 Bxc2 55. c4 Bxb3 56. cxb5 axb5 57. Bxb5
Kg4 58. Kf2 Bc2 59. Kg2 Be4+ 60. Kh2 d4 61. Be2+ Kg5 62. Kh3 d3 63. Bd1 d2
64. Kh2 Bf5 65. Kg2 Bg4 66. Bc2 d1=Q 67. Bxd1 Bxd1 68. Kh2 Kg4 69. Kg2 h3+
70. Kh2 Kh4 71. Kg1 Kg3 72. Kh1 Bf3+ {White resigns} 0-1

[Event "ICC tourney 2824 (30 10)"]
[Site "Internet Chess Club"]
[Date "2022.02.12"]
[Round "4"]
[White "LIANG, YU-CHENG:Yucheng"]
[Black "YAN, RUIYANG:jy2020"]
[Result "1/2-1/2"]
[ICCResult "Game drawn by mutual agreement"]
[WhiteElo "1967"]
[BlackElo "2172"]
[Opening "Nimzo-Indian: 4.e3 O-O, 5.Bd3"]
[ECO "E47"]
[NIC "NI.07"]
[Time "18:00:14"]
[PlyCount "143"]
[TimeControl "1800+10"]

1. d4 Nf6 2. c4 e6 3. Nc3 Bb4 4. e3 O-O 5. Bd3 c5 6. Nf3 d6 7. O-O Bxc3 8.
bxc3 Nc6 9. e4 e5 10. d5 Ne7 11. Ne1 h6 12. g3 Ng6 13. Ng2 Bh3 14. Re1 Nd7
15. Qh5 Bxg2 16. Kxg2 Qe8 17. Qf3 Ne7 18. h4 Nb6 19. g4 Ng6 20. Rh1 f6 21.
h5 Nh8 22. Qd1 Na4 23. Qb3 Nf7 24. Bd2 Qd7 25. f3 a6 26. Rhb1 Rfb8 27. Be2
b6 28. Bd3 Rb7 29. Qd1 b5 30. Rb3 Nb6 31. Rab1 Qc8 32. Qe2 Nd8 33. Be3 Rc7
34. Qf1 Rb8 35. Be2 Na4 36. Bd2 Nb6 37. Be3 Na4 38. Qc1 Rcb7 39. cxb5 c4 40.
bxa6 Rxb3 41. axb3 cxb3 42. a7 Ra8 43. Rxb3 Nc5 44. Bxc5 Qxc5 45. Rb8 Qxa7
46. Rxa8 Qxa8 47. Qb2 Qa7 48. Qb5 Qe7 49. Qb8 Kh7 50. Ba6 g6 51. hxg6+ Kxg6
52. Bc8 h5 53. gxh5+ Kxh5 54. Bg4+ Kg6 55. Qc8 Kg7 56. Qd7 Qxd7 57. Bxd7 Nb7
58. Kg3 Nc5 59. Bh3 Kg6 60. Bf5+ Kg5 61. Bh3 Nd3 62. Bc8 Nc1 63. c4 Ne2+ 64.
Kf2 Nd4 65. Ke3 Nb3 66. Bf5 Nc5 67. Bc8 Kh4 68. f4 Kg3 69. fxe5 fxe5 70. Bf5
Nb3 71. Bd7 Nc5 72. Bf5 {Game drawn by mutual agreement} 1/2-1/2

[Event "ICC tourney 2824 (30 10)"]
[Site "Internet Chess Club"]
[Date "2022.02.12"]
[Round "5"]
[White "Gao, Marvin:kaiclc"]
[Black "LIANG, YU-CHENG:Yucheng"]
[Result "1/2-1/2"]
[ICCResult "Game drawn by mutual agreement"]
[WhiteElo "2038"]
[BlackElo "1967"]
[Opening "Caro-Kann: two knights, 3...Bg4"]
[ECO "B11"]
[NIC "CK.01"]
[Time "20:01:06"]
[PlyCount "57"]
[TimeControl "1800+10"]

1. e4 c6 2. Nc3 d5 3. Nf3 Bg4 4. Be2 e6 5. O-O Nd7 6. d4 dxe4 7. Nxe4 Ngf6
8. Ng3 Bd6 9. h3 Bxf3 10. Bxf3 Qc7 11. Ne4 Nxe4 12. Bxe4 Nf6 13. Bf3 Bh2+
14. Kh1 Bf4 15. Bxf4 Qxf4 16. c3 O-O 17. g3 Qc7 18. b4 a5 19. a3 Rfd8 20.
Qe2 Re8 21. Rfe1 h6 22. c4 Red8 23. Qe5 Qd6 24. Rad1 axb4 25. Qxd6 Rxd6 26.
axb4 Rad8 27. b5 Rxd4 28. Rxd4 Rxd4 29. Rc1 {Game drawn by mutual agreement}
1/2-1/2

[Event "ICC tourney 2824 (30 10)"]
[Site "Internet Chess Club"]
[Date "2022.02.12"]
[Round "5"]
[White "CHEN, RYO WENYU:e4f5"]
[Black "XIE, BRYAN:largecrab"]
[Result "1-0"]
[ICCResult "Black resigns"]
[WhiteElo "2282"]
[BlackElo "2102"]
[Opening "Sicilian: Taimanov (Bastrikov) variation"]
[ECO "B47"]
[NIC "SI.40"]
[Time "20:00:38"]
[PlyCount "47"]
[TimeControl "1800+10"]

1. e4 c5 2. Nf3 e6 3. d4 cxd4 4. Nxd4 Nc6 5. Nc3 Qc7 6. Be2 a6 7. O-O Nf6 8.
Be3 Be7 9. f4 d6 10. a4 O-O 11. Kh1 Re8 12. Bf3 Bd7 13. Nb3 Rab8 14. a5 Bc8
15. Bb6 Qd7 16. Qe2 Bd8 17. e5 dxe5 18. Rad1 Nd5 19. Nxd5 exd5 20. Rxd5 Qe6
21. Bxd8 Rxd8 22. Rxd8+ Nxd8 23. Rd1 Qe7 24. Qxe5 {Black resigns} 1-0

[Event "ICC tourney 2824 (30 10)"]
[Site "Internet Chess Club"]
[Date "2022.02.12"]
[Round "5"]
[White "YAN, RUIYANG:jy2020"]
[Black "JIANG, ANDREW:K05-16091063"]
[Result "1-0"]
[ICCResult "Black resigns"]
[WhiteElo "2172"]
[BlackElo "1944"]
[Opening "Ruy Lopez: Anderssen variation"]
[ECO "C77"]
[NIC "RL.12"]
[Time "20:00:24"]
[PlyCount "75"]
[TimeControl "1800+10"]

1. e4 e5 2. Nf3 Nc6 3. Bb5 a6 4. Ba4 Nf6 5. d3 b5 6. Bb3 Bc5 7. Nc3 d6 8.
Nd5 h6 9. c3 Be6 10. O-O Bxd5 11. exd5 Ne7 12. d4 exd4 13. Nxd4 O-O 14. Qf3
Bxd4 15. cxd4 Nc8 16. Bf4 Nb6 17. Rac1 a5 18. a3 Qd7 19. Bxh6 Nh7 20. Qg3 f6
21. Bf4 b4 22. Bc2 Nxd5 23. Bb3 c6 24. Rxc6 Qxc6 25. Qf3 Kh8 26. Bxd5 Qa6
27. Bxa8 Rxa8 28. axb4 axb4 29. Bxd6 Ng5 30. Qh5+ Kg8 31. Bxb4 Qc4 32. Bc3
Ne4 33. Qf3 Qd5 34. Re1 f5 35. Qd3 Nd6 36. f3 Ra4 37. Qe2 Qf7 38. Qe6
{Black resigns}
1-0

[Event "ICC tourney 2824 (30 10)"]
[Site "Internet Chess Club"]
[Date "2022.02.12"]
[Round "5"]
[White "Turcotte, Jonathan:JonnyTurgi"]
[Black "TANG, AUSTIN:Mrpeetapizza"]
[Result "1-0"]
[ICCResult "Black resigns"]
[WhiteElo "2000"]
[BlackElo "1867"]
[Opening "Grünfeld: 4.Bf4"]
[ECO "D82"]
[NIC "GI.03"]
[Time "20:00:15"]
[PlyCount "53"]
[TimeControl "1800+10"]

1. d4 Nf6 2. c4 g6 3. Nc3 d5 4. Bf4 Bg7 5. e3 c6 6. Nf3 O-O 7. h3 a6 8. cxd5
cxd5 9. Bd3 Nc6 10. O-O b5 11. Qe2 Qb6 12. Rfc1 Bd7 13. a4 b4 14. Nb1 a5 15.
Nbd2 Na7 16. Bc7 Qe6 17. Ng5 Qc6 18. Rxc6 Nxc6 19. Ngf3 Rfc8 20. Bf4 Na7 21.
Ne5 Be8 22. Nb3 e6 23. Nxa5 Bf8 24. Ba6 Rc7 25. Nxg6 Rd7 26. Ne5 Rd6 27. Ng4
{Black resigns}
1-0

[Event "ICC tourney 2824 (30 10)"]
[Site "Internet Chess Club"]
[Date "2022.02.12"]
[Round "5"]
[White "RAJA, HARSHIT:Johnking3401"]
[Black "Nguyen, Hoa Duc:leoman"]
[Result "1/2-1/2"]
[ICCResult "Game drawn by repetition"]
[WhiteElo "2532"]
[BlackElo "2506"]
[Opening "Sicilian: dragon, Yugoslav attack, Rauser variation"]
[ECO "B76"]
[NIC "SI.17"]
[Time "20:01:27"]
[PlyCount "88"]
[TimeControl "1800+10"]

1. e4 c5 2. Nf3 d6 3. d4 cxd4 4. Nxd4 Nf6 5. Nc3 g6 6. Be3 Bg7 7. f3 Nc6 8.
Qd2 O-O 9. O-O-O d5 10. exd5 Nxd5 11. Nxc6 bxc6 12. Bd4 e5 13. Bc5 Re8 14.
Ne4 Qc7 15. h4 h6 16. g4 Be6 17. h5 g5 18. Bc4 Red8 19. Qf2 Rd7 20. Ba3 Rad8
21. Nc5 Qb6 22. Qd2 Ne3 23. Qxe3 Rxd1+ 24. Rxd1 Rxd1+ 25. Kxd1 Bxc4 26. b3
Be6 27. Qd3 Bf8 28. Nxe6 Qg1+ 29. Ke2 Bxa3 30. Qd8+ Kh7 31. Qd3+ Kg8 32. Nd8
Qg2+ 33. Ke3 Qg1+ 34. Ke4 Qe1+ 35. Kf5 e4 36. Qd7 Qa5+ 37. Kxe4 Qe1+ 38. Kf5
Qa5+ 39. Ke4 Qe1+ 40. Kf5 Qa5+ 41. Ke4 Qe1+ 42. Kf5 Qa5+ 43. Ke4 Qe1+ 44.
Kf5 Qa5+ {Game drawn by repetition} 1/2-1/2

[Event "ICC tourney 2824 (30 10)"]
[Site "Internet Chess Club"]
[Date "2022.02.12"]
[Round "5"]
[White "SHEEHAN, ETHAN THOMAS:Chessking2008"]
[Black "SRIPADA, HAVISH:brilliantnessme"]
[Result "1-0"]
[ICCResult "Black resigns"]
[WhiteElo "2219"]
[BlackElo "1976"]
[Opening "QGD: Tartakower (Makagonov-Bondarevsky) system, 8.cd Nxd5"]
[ECO "D59"]
[NIC "QO.10"]
[Time "20:03:32"]
[PlyCount "71"]
[TimeControl "1800+10"]

1. d4 d5 2. c4 e6 3. Nc3 Be7 4. Nf3 Nf6 5. Bg5 h6 6. Bh4 O-O 7. e3 b6 8.
cxd5 Nxd5 9. Bxe7 Qxe7 10. Nxd5 exd5 11. Bd3 Be6 12. O-O c5 13. dxc5 bxc5
14. Rc1 Nd7 15. Qc2 Rac8 16. Rfd1 Rfd8 17. h3 Nb8 18. Qa4 Qb7 19. Qa3 d4 20.
exd4 c4 21. Bf1 Nd7 22. Ne5 Nxe5 23. dxe5 Rb8 24. Rxd8+ Rxd8 25. Qc3 Rb8 26.
Rc2 Qe4 27. Be2 Rb6 28. Rd2 Qb1+ 29. Bd1 Qxa2 30. Rd8+ Kh7 31. Bc2+ g6 32.
Qf3 f5 33. Qa8 g5 34. Rh8+ Kg6 35. Qe8+ Bf7 36. Rg8+ {Black resigns} 1-0

[Event "ICC tourney 2824 (30 10)"]
[Site "Internet Chess Club"]
[Date "2022.02.12"]
[Round "5"]
[White "IVANOV, ALEXANDER:marble"]
[Black "Vilotijevic, Lazar:BalkanDad"]
[Result "1-0"]
[ICCResult "Black resigns"]
[WhiteElo "2395"]
[BlackElo "2004"]
[Opening "Owen defense"]
[ECO "B00"]
[NIC "VO.02"]
[Time "20:00:23"]
[PlyCount "111"]
[TimeControl "1800+10"]

1. e4 b6 2. d4 Bb7 3. Bd3 Nf6 4. Qe2 e6 5. Nf3 d5 6. e5 Nfd7 7. O-O c5 8. c3
Nc6 9. Bg5 Qc7 10. Nbd2 h6 11. Be3 Be7 12. Rac1 c4 13. Bb1 O-O-O 14. Ne1 f5
15. g4 g6 16. Ng2 Rdg8 17. Nf4 Nf8 18. f3 Nd8 19. Kh1 Bc6 20. Rg1 g5 21.
Nxe6 Nfxe6 22. gxf5 Nc5 23. dxc5 Qxe5 24. cxb6 Bc5 25. Rge1 Re8 26. Nf1 Bxe3
27. Qxe3 Qxe3 28. Nxe3 axb6 29. Nc2 Rxe1+ 30. Rxe1 Re8 31. Rxe8 Bxe8 32. Kg2
Kd7 33. Kg3 h5 34. f4 g4 35. Kh4 Ke7 36. Ne3 Bf7 37. Kg5 Kf8 38. Nc2 Nb7 39.
Nd4 Nc5 40. f6 Nd3 41. b4 Ne1 42. Kh4 Ng2+ 43. Kg3 Ne3 44. a4 Nd1 45. Ne2
Nb2 46. a5 bxa5 47. bxa5 Na4 48. a6 Nb6 49. a7 Be8 50. Kh4 Bc6 51. Nd4 Bb7
52. Kxh5 Nc8 53. Kg6 Nd6 54. Bf5 Ne4 55. Ne6+ Ke8 56. f7+ {Black resigns}
1-0

[Event "ICC tourney 2824 (30 10)"]
[Site "Internet Chess Club"]
[Date "2022.02.12"]
[Round "5"]
[White "Latorre, Vincent:vinclat"]
[Black "SHAWKAT, SAIF:saif-shawkat"]
[Result "1-0"]
[ICCResult "Black resigns"]
[WhiteElo "1900"]
[BlackElo "2002"]
[Opening "Sicilian: Najdorf, Adams attack"]
[ECO "B90"]
[NIC "SI.14"]
[Time "20:00:57"]
[PlyCount "148"]
[TimeControl "1800+10"]

1. e4 c5 2. Nf3 d6 3. d4 cxd4 4. Nxd4 Nf6 5. Nc3 a6 6. h3 e5 7. Nde2 h5 8.
g3 b5 9. Bg2 Bb7 10. a3 Nbd7 11. Nd5 Nxd5 12. exd5 f5 13. h4 g6 14. Ng1 Nf6
15. Nh3 e4 16. Nf4 Kf7 17. Qd4 Bg7 18. Ne6 Qe7 19. Bg5 Rhc8 20. c3 Rc4 21.
Qd2 Bh8 22. Rd1 Qe8 23. Nf4 Ng4 24. O-O Rac8 25. Rfe1 Ne5 26. Kh1 Qd7 27.
Bh6 Bf6 28. Re2 Rh8 29. Ne6 Nd3 30. Bg5 Be5 31. Bf4 Bxd5 32. Ng5+ Kg7 33.
Bxe5+ dxe5 34. Re3 Ba8 35. Kg1 Qe7 36. Bf1 f4 37. Rxd3 exd3 38. Bxd3 Rd8 39.
Qc2 Rcc8 40. Re1 fxg3 41. fxg3 Qc5+ 42. Kh2 Qc6 43. Be4 Qd6 44. Bxa8 Rxa8
45. Re2 Ra7 46. Qe4 Rad7 47. Kh3 Qd5 48. Qxd5 Rxd5 49. Ne6+ Kf6 50. Nxd8
Rxd8 51. Kg2 Rd3 52. Kf2 Kf5 53. Kg2 e4 54. Rf2+ Ke5 55. Re2 Rf3 56. Rd2 Rf6
57. Rd8 Kf5 58. Rd5+ Ke6 59. Rd4 Ke5 60. Rd8 Rd6 61. Rxd6 Kxd6 62. Kf2 Ke5
63. Ke3 Kf5 64. b3 Ke5 65. c4 bxc4 66. bxc4 a5 67. a4 Kf5 68. Kd4 Kg4 69.
Kxe4 Kxg3 70. c5 Kxh4 71. c6 g5 72. c7 g4 73. c8=Q g3 74. Kf3 g2 {Black
resigns} 1-0

[Event "ICC tourney 2824 (30 10)"]
[Site "Internet Chess Club"]
[Date "2022.02.12"]
[Round "5"]
[White "Gaw, Chloe:HarleyQueen8"]
[Black "LIU, ERIC CHANG:el008"]
[Result "0-1"]
[ICCResult "White resigns"]
[WhiteElo "1766"]
[BlackElo "1954"]
[Opening "QGD: Charousek (Petrosian) variation"]
[ECO "D31"]
[NIC "QO.05"]
[Time "20:00:19"]
[PlyCount "180"]
[TimeControl "1800+10"]

1. d4 d5 2. c4 e6 3. Nc3 Be7 4. cxd5 exd5 5. Bf4 c6 6. e3 Bf5 7. Nge2 Nf6 8.
Ng3 Bg6 9. Be2 Nbd7 10. O-O O-O 11. f3 c5 12. dxc5 Bxc5 13. Nxd5 Nb6 14. Nc7
Bxe3+ 15. Bxe3 Qxc7 16. Rc1 Qe5 17. Qb3 Nfd5 18. Bf2 Nf4 19. Rfe1 Nxe2+ 20.
Rxe2 Qd5 21. Qxd5 Nxd5 22. Rd2 Nb4 23. Bc5 Rfc8 24. Rcd1 Nc6 25. Be3 b6 26.
Ne2 Ne5 27. b3 Kf8 28. Kf2 Ke7 29. Bd4 f6 30. Bxe5 fxe5 31. Rd7+ Kf8 32.
R1d2 Rc5 33. Ke3 Bf5 34. R7d5 Rac8 35. b4 Rxd5 36. Rxd5 Be6 37. Rd2 Rc4 38.
a3 Ke7 39. Kf2 h6 40. Ke3 g5 41. g4 a5 42. bxa5 bxa5 43. Rd3 Rc2 44. Rd2 Rc4
45. Rd3 Rc2 46. Rd2 Rc5 47. Rd3 Rb5 48. Rd2 Bc4 49. Rc2 Bxe2 50. Rxe2 Rb3+
51. Kf2 Ke6 52. Re3 Rb2+ 53. Kg3 Ra2 54. h4 a4 55. hxg5 hxg5 56. Rd3 Rb2 57.
Rd8 Rb3 58. Re8+ Kd6 59. Rg8 e4 60. Rxg5 Rxf3+ 61. Kg2 Rxa3 62. Rf5 Rf3 63.
Ra5 a3 64. Ra4 Ke5 65. g5 Rb3 66. g6 Kf4 67. g7 Rg3+ 68. Kf2 Rxg7 69. Rxa3
Rb7 70. Ra2 Rb3 71. Rc2 Rf3+ 72. Ke2 Rh3 73. Kf1 Kf3 74. Rf2+ Ke3 75. Ra2
Rh1+ 76. Kg2 Rd1 77. Ra3+ Ke2 78. Ra2+ Rd2 79. Ra1 e3 80. Ra8 Ke1+ 81. Kf3
e2 82. Ra1+ Rd1 83. Ra2 Rd3+ 84. Kg2 Rd8 85. Ra1+ Kd2 86. Ra2+ Ke3 87. Ra3+
Rd3 88. Ra1 Rd1 89. Ra3+ Kd4 90. Ra4+ Kc3 {White resigns} 0-1